 Dungeon Crawl Stone Soup version 0.31.0-11-ge490571c62 (webtiles) character file.

Game seed: 2024263684959982560

385 booth the Chopper (level 6, 0/56 HPs)
             Began as a Hill Orc Fighter on Jan 29, 2024.
             Slain by an ogre
             ... wielding a +0 giant spiked club
              (5 damage)
             ... on level 5 of the Dungeon.
             The game lasted 00:16:59 (3172 turns).

booth the Chopper (Hill Orc Fighter)                Turns: 3172, Time: 00:16:59

Health: 0/56       AC:  8    Str: 19    XL:     6   Next: 77%
Magic:  7/7        EV:  9    Int: 10    God:
Gold:   194        SH:  0    Dex: 10    Spells: 5/5 levels left

rFire   + . .        a - +0 war axe
rCold   + . .        c - +0 buckler
rNeg    . . .        b - +0 scale mail
rPois   .            e - +0 helmet
rElec   .            m - scarf "Nakh" {repulsion, rF+ rC+ rCorr}
rCorr   +            (no gloves)
SInv    .            (no boots)
Will    .....        (no amulet) Stlth
                     (no ring)
HPRegen 0.29/turn    (no ring)
MPRegen 0.10/turn

%: repel missiles
@: confused, ambrosia-drunk
A: no striking features
a: no special abilities


You were on level 5 of the Dungeon.
You visited 1 branch of the dungeon, and saw 5 of its levels.

You collected 194 gold pieces.

Inventory:

Hand Weapons
 a - a +0 war axe (weapon)
 s - a +0 mace
Missiles
 f - 2 throwing nets
 n - 5 poisoned darts (quivered)
Armour
 b - a +0 scale mail (worn)
 c - a +0 buckler (worn)
 e - a +0 helmet (worn)
 m - the scarf "Nakh" (worn) {repulsion, rF+ rC+ rCorr}
   (You found it on level 2 of the Dungeon)

   rF+:       It protects you from fire.
   rC+:       It protects you from cold.
   rCorr:     It protects you from acid and corrosion.
 o - a +0 chain mail
Scrolls
 h - 2 scrolls of poison
 j - a scroll of vulnerability
 p - a scroll of fear
Potions
 d - 2 potions of might
 g - a potion of mutation
 i - a potion of brilliance
 k - a potion of ambrosia
 l - 2 potions of haste {unknown}
 q - a potion of curing {unknown}
 r - a potion of degeneration {unknown}
 t - a potion of invisibility


   Skills:
 + Level 5.1 Fighting
 * Level 6.0 Axes
 + Level 4.5 Armour
 + Level 4.6 Shields
 + Level 1.3 Invocations


You had 5 spell levels left.
You didn't know any spells.
Your spell library contained the following spells:

 Spells                   Type           Power      Damage    Failure   Level
 Apportation              Tloc           0%         N/A       80%         1
 Necrotise                Necr           0%         1d4       80%         1
 Sting                    Conj/Alch      0%         1d3       80%         1
 Summon Small Mammal      Summ           0%         N/A       80%         1
 Call Imp                 Summ           0%         N/A       90%         2
 Sublimation of Blood     Necr           0%         N/A       90%         2
 Volatile Blastmotes      Fire/Tloc      0%         2d10      99%         3
 Fulminant Prism          Conj/Alch      0%         3d5       100%        4
 Iskenderun's Mystic Bla  Conj/Tloc      0%         2d3       100%        4
 Summon Hydra             Summ           0%         N/A       100%        7


Dungeon Overview and Level Annotations

Branches:
Dungeon (5/15)
 Temple: D:4-7

Altars:
Ashenzari
Fedhas
Gozag
Hepliaklqana
Qazlal


Message History

You slash the jelly!
Your hands burn!
The jelly is moderately wounded.
The jelly hits you but does no damage.
You slash the jelly!
Your hands burn!
The jelly is almost dead.
The jelly hits you but does no damage.
You hit the jelly.
Your hands burn!
The jelly is almost dead.
You block the jelly's attack.
You slash the jelly!
You kill the jelly!
Your Axes skill increases to level 6!
Found a whip.
An ogre comes into view. It is wielding a +0 giant spiked club.
The ogre shouts!
Throw: 6 darts (poison)
Press: ? - help, Q - select action, (/) - cycle Shift-Dir - straight line, f - ogre
Aim: an ogre, wielding a +0 giant spiked club (71% to hit)
You throw a poisoned dart. The poisoned dart hits the ogre.
The ogre is poisoned.
You slash the ogre!
The ogre is heavily wounded.
The ogre hits you with a +0 giant spiked club!
You barely miss the ogre.
The ogre is heavily wounded.
The ogre barely misses you.
You closely miss the ogre.
The ogre is severely wounded.
You hit the ogre.
The ogre is almost dead.
The ogre hits you with a +0 giant spiked club!!
You barely miss the ogre.
The ogre is almost dead.
The ogre looks more healthy.
The ogre hits you with a +0 giant spiked club!
* * * LOW HITPOINT WARNING * * *
You are confused.
You feel invigorated.
The ogre hits you with a +0 giant spiked club.
You die...

####### #.# .......
#.# ....... #.#
....... #.#
..)....######.#####
..........#.......#
.......##(#.#.###.#
+###### #O#.#...#
#@#.#...# #.#.#...#
. #.#.#...#
#...###.#.....#+#
.................
#####.#..........
#..#####..... ##.
..... ## ....


You could see an ogre.

Vanquished Creatures
  3 bombardier beetles
  A jelly (D:5)
  An iguana (D:4)
  3 orc wizards
  2 adders (D:2)
  4 gnolls (D:3)
  3 ribbon worms
  2 dart slugs (D:1)
  10 orcs
  4 ball pythons
  7 endoplasms
  3 giant cockroaches
  4 goblins
  5 hobgoblins
  7 kobolds
  3 quokkas
  5 bats
  3 frilled lizards (D:1)
  A rat (D:2)
71 creatures vanquished.

Notes
Turn   | Place    | Note
-------+----------+-------------------------------------------
     0 | D:1      | booth the Hill Orc Fighter began the quest for the Orb.
     0 | D:1      | Reached XP level 1. HP: 19/19 MP: 1/1
   203 | D:1      | Reached skill level 3 in Axes
   250 | D:1      | Reached XP level 2. HP: 27/27 MP: 2/2
   599 | D:2      | Reached XP level 3. HP: 33/33 MP: 3/3
   930 | D:2      | Reached skill level 4 in Axes
   987 | D:2      | Identified the scarf "Nakh" {repulsion, rF+ rC+ rCorr}
  1266 | D:3      | Reached XP level 4. HP: 31/40 MP: 4/4
  1523 | D:3      | Found a broken altar of Ashenzari.
  1748 | D:3      | Reached XP level 5. HP: 47/47 MP: 5/5
  1798 | D:3      | Found a stormy altar of Qazlal.
  1801 | D:3      | Found an opulent altar of Gozag.
  1813 | D:3      | Reached skill level 5 in Axes
  1885 | D:3      | Reached XP level 6. HP: 30/55 MP: 6/6
  2029 | D:3      | Found a blossoming altar of Fedhas.
  2870 | D:4      | Found a hazy altar of Hepliaklqana.
  3006 | D:4      | Reached skill level 1 in Invocations
  3060 | D:4      | Reached skill level 5 in Fighting
  3126 | D:5      | Entered Level 5 of the Dungeon
  3150 | D:5      | Reached skill level 6 in Axes
  3171 | D:5      | HP: 2/56 [ogre/+0 giant spiked club (17)]
  3172 | D:5      | Slain by an ogre

Illustrated notes

Levels and vault maps discovered:
D:1:      mainiacjoe_arrival_reflecting_pool, layout_rooms
D:2:      layout_loops_ring, hangedman_decor_diamond_cutter
D:3:      layout_basic, general_overflow_altar, lemuel_tele_altar,
          chequers_temple_overflow_statue_of_worship
D:4:      layout_basic, mainiacjoe_overflow_boulevard
D:5:      layout_basic, mainiacjoe_overflow_cross_hatched, pf_just_have_faith,
          uniq_crazy_yiuf_cottage

Skill      XL: |  1  2  3  4  5  6 |
---------------+-------------------+-----
Axes           | 3 4 5 6 |  6.0
Fighting       | 4 5 |  5.1
Armour         | 4 |  4.5
Shields        | 4 |  4.6
Invocations    | 1 |  1.3

Action                     |  1- 3 |  4- 6 || total
---------------------------+-------+-------++-------
  Melee: War axe           |    69 |   159 ||   228
  Throw: Dart              |     2 |     1 ||     3
    Use: Scroll            |     5 |     1 ||     6
         Potion            |       |     2 ||     2
   Stab: Invisible         |       |     1 ||     1
 Armour: Scale mail        |    55 |   134 ||   189
  Dodge: Dodged            |    35 |    49 ||    84
         Repelled          |       |     3 ||     3
  Block: Buckler           |    12 |    25 ||    37
